AoeStats
← FarWhistle86911

MegaRandom

509453886Analyzed
2v2 RM · 6d ago on Sep 26, 2026· 79m 54s· 4 players
Game mode
Random Map
Map size
Medium (4 player)
Population
200
Speed
Normal
Resources
Standard
Victory
Conquest
Starting age
Dark Age
Ending age
Imperial Age
RankedLock teamsTeams togetherTeam positionsShared explorationLock speedFull tech treeHidden civsTurbo modeCheats
Victory
Defeat
🇺🇸 Huns · United States
629
+17
🇺🇸 Vietnamese · United States
543
+21
🇨🇿 Varangians · Czechia
672
-41
🇨🇿 Cumans · Czechia
623
-38
Dr460n1um-CZ
3:58 Loom
11:31 Feudal Age
12:34 Double-Bit Axe
14:51 Horse Collar
22:25 Castle Age
26:01 Bow Saw
26:38 Gold Mining
26:38 Stone Mining
30:25 Imperial Age
30:45 Heavy Plow
31:41 Scale Barding Armor
31:28 Fletching
31:50 Forging
34:25 Two-Man Saw
35:56 Chain Barding Armor
35:21 Treadmill Crane
38:45 Plate Barding Armor
38:46 Iron Casting
44:58 Vendel Legacy
46:00 Conscription
46:21 Conscription
47:49 Wheelbarrow
48:20 Blast Furnace
46:57 Gothikon
48:54 Stone Shaft Mining
48:45 Bloodlines
54:16 Husbandry
57:50 Hand Cart
61:04 Hand Cart
Skitles222
13:09 Feudal Age
13:52 Horse Collar
14:00 Double-Bit Axe
14:09 Gold Mining
21:51 Stone Mining
25:24 Castle Age
26:00 Forging
25:56 Scale Barding Armor
28:39 Fletching
28:49 Padded Archer Armor
29:25 Iron Casting
29:22 Bow Saw
30:14 Caravan
31:07 Chain Barding Armor
30:53 Steppe Husbandry
34:39 Coinage
34:00 Light Cavalry
35:44 Bodkin Arrow
36:05 Leather Archer Armor
36:29 Wheelbarrow
35:40 Loom
36:16 Heavy Plow
36:54 Gold Shaft Mining
37:32 Scale Mail Armor
40:05 Chain Mail Armor
50:07 Imperial Age
50:21 Elite Kipchak
52:08 Blast Furnace
51:43 Plate Barding Armor
51:39 Plate Mail Armor
55:10 Heavy Cavalry Archer
56:16 Parthian Tactics
58:15 Crop Rotation
70:35 Crossbowman
71:21 Thumb Ring
70:49 Elite Skirmisher
73:02 Ring Archer Armor
73:29 Cuman Mercenaries
79:11 Chemistry
78:31 Ballistics
FarWhistle86911
11:42 Feudal Age
14:02 Wheelbarrow
14:20 Double-Bit Axe
20:58 Stone Mining
20:59 Gold Mining
24:33 Castle Age
23:32 Horse Collar
25:37 Hand Cart
27:33 Bow Saw
27:24 Town Watch
27:30 Loom
27:54 Caravan
28:31 Coinage
30:21 Heavy Plow
31:05 Gold Shaft Mining
36:51 Imperial Age
35:13 Bloodlines
36:03 Husbandry
36:14 Scale Barding Armor
76:48 Pikeman
77:43 Arson
78:00 Squires
78:26 Forging
78:21 Scale Mail Armor
unknown_ab
3:30 Loom
10:40 Feudal Age
13:44 Double-Bit Axe
14:04 Horse Collar
15:54 Gold Mining
15:56 Stone Mining
23:23 Castle Age
22:39 Fletching
23:36 Crossbowman
24:22 Thumb Ring
24:57 Bodkin Arrow
25:36 Heavy Plow
25:45 Scale Mail Armor
25:58 Bow Saw
25:29 Elite Skirmisher
29:16 Wheelbarrow
28:28 Town Watch
29:23 Squires
30:32 Caravan
31:17 Hand Cart
32:43 Stone Shaft Mining
33:25 Husbandry
34:28 Bloodlines
34:56 Murder Holes
35:22 Ballistics
34:45 Treadmill Crane
39:43 Imperial Age
39:47 Scale Barding Armor
40:22 Chatras
40:45 Paper Money
40:21 Pikeman
41:06 Halberdier
41:13 Halberdier
42:16 Imperial Skirmisher
44:41 Capped Ram
45:32 Town Patrol
45:45 Forging
45:59 Chain Barding Armor
52:31 Two-Man Saw
51:42 Siege Engineers
67:35 Elite Battle Elephant
69:04 Iron Casting
68:31 Bracer
69:08 Plate Barding Armor
72:09 Crop Rotation
72:38 Chain Mail Armor
Connection lost

Rejoining the realm…

Still unreachable

The connection could not be restored.

Session expired

The server has moved on; the page needs a fresh start.